[Event "44th Chess Olympiad Open 2022"]
[Site "Chennai"]
[Date "2022.08.06"]
[Round "8.79"]
[White "Cisse, Amadou Lamine"]
[Black "Koumba, Mounguen Jose Evrar"]
[Result "1-0"]
[WhiteElo "2005"]
[BlackElo "1942"]
[Annotator "NA RC"]
[PlyCount "153"]
[EventDate "2022.??.??"]
[TimeControl "60"]

1. e4 c5 2. d3 Nc6 3. g3 d6 4. Bg2 g6 5. Nf3 Bg7 6. Nbd2 Nh6 7. c3 O-O 8. O-O f5 9. Nc4 Ng4 10. exf5 Bxf5 11. Nh4 Be6 12. h3 Nf6 13. Nd2 Qd7 14. Kh2 g5 15. Nhf3 g4 16. Ng5 gxh3 17. Nxe6 hxg2 18. Re1 Ne5 19. Nxf8 Nfg4+ 20. Kxg2 Rxf8 21. f3 Nxd3 22. fxg4 Nxe1+ 23. Qxe1 Qxg4 24. Qe4 Qd1 25. Nf3 d5 26. Qg4 Qe2+ 27. Kh3 Qxf3 28. Qxf3 Rxf3 29. Bf4 e5 30. Kg4 Rf2 31. Be3 Rxb2 32. Bxc5 b6 33. Bb4 a5 34. Bd6 Rc2 35. Rb1 d4 36. cxd4 exd4 37. Rxb6 d3 38. Kf5 Rf2+ 39. Bf4 Rxa2 40. Rb8+ Bf8 41. Rd8 a4 42. Rxd3 a3 43. Rd8 Kf7 44. Rd7+ Ke8 45. Rxh7 Rf2 46. Ra7 Bc5 47. Ra8+ Kd7 48. Ke4 Kc6 49. Rc8+ Kb6 50. Kd5 a2 51. Rc6+ Kb7 52. Rc7+ Ka6 53. Be5 Re2 54. Bg7 Bf2 55. g4 Bg3 56. Rc8 Kb5 57. Ra8 Kb4 58. g5 Bh4 59. g6 Kb3 60.
Ba1 Rg2 61. g7 Bd8 62. Rb8+ Ka3 63. Kc4 Rg4+ 64. Kd3 Rg1 65. Bb2+ Ka4 66. Kc4 Rg4+ 67. Kd5 Rg2 68. Bd4 Rd2 69. Ra8+ Ba5 70. g8=Q Rxd4+ 71. Kxd4 a1=Q+ 72. Ke4 Qe1+ 73. Kd5 Qd1+ 74. Kc5 Qd2 75. Qc4+ Ka3 76. Kb5 Qb2+ 77. Kxa5 1-0

[Event "44th Chess Olympiad Open 2022"]
[Site "Chennai"]
[Date "2022.08.06"]
[Round "8.79"]
[White "Bongo Akanga Ndjila, Barthelemy"]
[Black "Lesbros Bernard"]
[Result "0-1"]
[WhiteElo "1803"]
[BlackElo "1865"]
[Annotator "NA RC"]
[PlyCount "58"]
[EventDate "2022.??.??"]
[TimeControl "60"]

1. d4 Nf6 2. c4 g6 3. Nc3 d5 4. cxd5 Nxd5 5. e4 Nxc3 6. bxc3 Bg7 7. Rb1 O-O 8. Nf3 c5 9. Be2 Qc7 10. O-O Nd7 11. Be3 Nf6 12. Qd3 b6 13.
Nd2 Bb7 14. d5 Rad8 15. c4 e6 16. Bg5 exd5 17. exd5 Rfe8 18. f4 Bc8 19. Rbe1 Bf5 20. Qb3 Rd7 21. Bxf6 Bxf6 22. g4 Bd4+ 23. Kg2 Rde7 24. Qd1 Bc2 25. Qxc2 Rxe2+ 26. Rxe2 Rxe2+ 27. Kf3 Qe7 28. Kg3 Qe3+ 29. Rf3 Qg1+ 0-1

[Event "44th Chess Olympiad Open 2022"]
[Site "Chennai"]
[Date "2022.08.06"]
[Round "8.79"]
[White "Wane, Al Hassane"]
[Black "Bongo Ngombele, Tary"]
[Result "1-0"]
[WhiteElo "1750"]
[BlackElo "1688"]
[Annotator "NA RC"]
[PlyCount "135"]
[EventDate "2022.??.??"]
[TimeControl "60"]

1. d4 d5 2. c4 c6 3. Nf3 Nf6 4. e3 Nbd7 5. Bd3 dxc4 6. Bxc4 e6 7. O-O Bd6 8. Nc3 O-O 9. e4 e5 10. Bg5 exd4 11. Qxd4 Qe7 12. Rfe1 Bc5 13. Qd2 Ne5 14. Nxe5 Qxe5 15. Rad1 Ng4 16. Bf4 Qh5 17. Rf1 b5 18. Be2 Qh4 19. Bg3 Qf6 20. Bf3 Ne5 21. Bxe5 Qxe5 22. g3 Bh3 23. Bg2 Bxg2 24. Kxg2 b4 25. Na4 Qxe4+ 26. f3 Qe3 27. Qc2 Bb6 28. Rfe1 Qh6 29. Re4 c5 30. Nxc5 Rfc8 31. Rc4 Qe3 32. Ne4 Rc7 33. Rxc7 Bxc7 34. Qxc7 Qe2+ 35. Nf2 g6 36. Rd8+ Rxd8 37. Qxd8+ Kg7 38. Qd4+ Kg8 39. Qxb4 Qa6 40. a3 Qb6 41. Qxb6 axb6 42. Ne4 f5 43. Nf6+ Kg7 44. Nd7 b5 45. Ne5 Kf6 46. f4 g5 47. Kf3 Ke6 48.
Ke3 Kd5 49. Kd3 gxf4 50. gxf4 h5 51. h4 Kc5 52. Nf3 b4 53.
Nd4 bxa3 54. bxa3 Kd5 55. Nxf5 Ke6 56. Ng7+ Kf6 57. Nxh5+ Kf7 58. a4 Kg6 59. Ng3 Kh6 60. a5 Kg6 61. a6 Kh6 62. a7 Kg6 63. a8=Q Kh6 64. Qc6+ Kh7 65. Nf5 Kg8 66. Qe6+ Kf8 67. Qe7+ Kg8 68. Qg7# 1-0

[Event "44th Chess Olympiad Open 2022"]
[Site "Chennai"]
[Date "2022.08.06"]
[Round "8.80"]
[White "Sharikhan, Shawal"]
[Black "Drayton, Anthony"]
[Result "0-1"]
[WhiteElo "1789"]
[BlackElo "1928"]
[Annotator "NA RC"]
[PlyCount "96"]
[EventDate "2022.??.??"]
[TimeControl "60"]

1. d4 d5 2. c4 e6 3. Nf3 c6 4. cxd5 exd5 5. Bf4 Nf6 6. e3 Bf5 7. Qb3 Qb6 8. Nbd2 Qxb3 9. Nxb3 Bb4+ 10. Nfd2 Ne4 11. f3 Nxd2 12. Nxd2 O-O 13. a3 Be7 14. g4 Bh4+ 15. Bg3 Bxg3+ 16. hxg3 Bg6 17. Kf2 Nd7 18. Rc1 Rfe8 19. Bg2 Re7 20. Rc3 Nb6 21. b3 f6 22. Re1 Rae8 23. Bf1 Nc8 24. Bd3 Bxd3 25. Rxd3 Nd6 26. a4 h6 27. Rc3 Kf7 28. Rcc1 f5 29. gxf5 Nxf5 30. Nf1 h5 31. Rcd1 a5 32. Rd3 g5 33. Nd2 Nd6 34. Rc3 Kg6 35. Rd3 g4 36. f4 Nf5 37. Nf1 Kf6 38.
Rd2 Rg8 39. Kg1 h4 40. e4 dxe4 41. d5 c5 42. d6 Re6 43. d7 Nd4 44. Nh2 hxg3 45. Nxg4+ Ke7 46. Ne5 Rxe5 47. Rxd4 cxd4 48. fxe5 e3 0-1

[Event "44th Chess Olympiad Open 2022"]
[Site "Chennai"]
[Date "2022.08.06"]
[Round "8.80"]
[White "Nathoo, Loris"]
[Black "Yussof, Pg Abd Rahman"]
[Result "1/2-1/2"]
[WhiteElo "1695"]
[BlackElo "1804"]
[Annotator "NA RC"]
[PlyCount "65"]
[EventDate "2022.??.??"]
[TimeControl "60"]

1. d4 d6 2. Bf4 Nf6 3. Nc3 Bf5 4. Nf3 Nbd7 5. e3 e6 6. h3 Be7 7. Bd3 Bg6 8. O-O Nb6 9. Bh2 O-O 10. Qe2 Nfd5 11. Nxd5 Nxd5 12. Bxg6 hxg6 13. e4 Nb6 14. Rfe1 a6 15. Rad1 Rc8 16. Bf4 Nd7 17. Qd2 Nb6 18. Qe2 Nd7 19. Qd3 Nf6 20. c4 Nh7 21. Qb3 Rb8 22. Be3 b5 23.
c5 Ng5 24. Nxg5 Bxg5 25. cxd6 Bxe3 26. Rxe3 cxd6 27. Rc3 Qb6 28. Qc2 Rfd8 29. Rc6 Qa7 30. Rc7 Qb6 31. Rc6 Qa7 32. Rc7 Qb6 33. Rc6 1/2-1/2

[Event "44th Chess Olympiad Open 2022"]
[Site "Chennai"]
[Date "2022.08.06"]
[Round "8.81"]
[White "Ashraf, Ahmed Ramadan"]
[Black "Young, Christopher"]
[Result "1/2-1/2"]
[WhiteElo "1916"]
[BlackElo "1990"]
[Annotator "NA RC"]
[PlyCount "126"]
[EventDate "2022.??.??"]
[TimeControl "60"]

1. e4 c5 2. Nf3 e6 3. Nc3 a6 4. d4 cxd4 5. Nxd4 Qc7 6. Be2 Nf6 7. Bg5 Be7 8.
Qd2 b5 9. a3 Bb7 10. f3 Nc6 11. Nxc6 Bxc6 12. g4 Rc8 13. Qe3 Bb7 14. Qd3 d5 15. exd5 Nxd5 16. Nxd5 Bxd5 17. Bxe7 Qxe7 18. h4 O-O 19. c3 Rfd8 20. Qe3 Qc7 21. O-O-O Bc4 22. h5 Bxe2 23. Qxe2 Qf4+ 24. Kb1 h6 25. Rhe1 Kf8 26. Rd3 Ke7 27. Red1 Rxd3 28. Qxd3 Qc7 29. Kc2 Rb8 30. Qd4 f6 31. f4 Rb6 32. g5 Rd6 33. Qxd6+ Qxd6 34. Rxd6 Kxd6 35. gxh6 gxh6 36. Kd3 Kd5 37. b3 a5 38. Ke3 e5 39. fxe5 Kxe5 40. Kf3 a4 41. bxa4 bxa4 42. Ke3 Kd5 43. Kf4 Kc4 44. Kf5 Kb3 45. c4 Kxc4 46. Kg6 f5 47. Kxf5 Kb3 48. Kg6 Kxa3 49. Kxh6 Kb4 50. Kg7 a3 51. h6 a2 52. h7 a1=Q+ 53. Kg8 Qa2+ 54. Kg7 Qb2+ 55. Kg8 Qb3+ 56. Kg7 Qc3+ 57. Kg8 Qc4+ 58. Kg7 Qg4+ 59. Kh8 Qh4 60. Kg7 Qg5+ 61. Kh8 Qe7 62. Kg8 Qe6+ 63. Kg7 Qe7+ 1/2-1/2

[Event "44th Chess Olympiad Open 2022"]
[Site "Chennai"]
[Date "2022.08.06"]
[Round "8.81"]
[White "Tracey, Shaun M"]
[Black "Fuad, Ahmed Mufleh"]
[Result "1/2-1/2"]
[WhiteElo "1650"]
[BlackElo "2086"]
[Annotator "NA RC"]
[PlyCount "103"]
[EventDate "2022.??.??"]
[TimeControl "60"]

1. e4 e6 2. d4 d5 3. Bd3 Bd7 4. e5 c5 5. c3 Nc6 6. Nf3 cxd4 7. cxd4 Qb6 8.
Be2 Nge7 9. Na3 Nf5 10. Nc2 Nb4 11. Na3 Be7 12. O-O Rc8 13.
Qd2 Kd8 14. Rd1 Kc7 15. Qf4 h6 16. Qd2 g5 17. Ne1 f6 18. b3 fxe5 19. dxe5 Rcf8 20. Nac2 Nc6 21. Nd3 Rf7 22. Ba3 Rhf8 23. Bh5 Rg7 24. Bxe7 Ncxe7 25. Be2 Kb8 26. Qb4 Qxb4 27. Ndxb4 Ng6 28. Nd3 Bb5 29. Re1 Bxd3 30. Bxd3 Nf4 31. Bf1 Rgf7 32. Rad1 Rc7 33. Rd2 Rfc8 34. Nb4 a5 35. Nd3 Ng6 36. g3 Rc2 37. Ree2 Rxd2 38. Rxd2 Nd4 39. Kg2 Rc2 40. Rxc2 Nxc2 41. Be2 b6 42. Bh5 Nf8 43. Kf3 Kc7 44. Bf7 Kd7 45. Kg4 Ke7 46. Bg8 Nb4 47. Nxb4 axb4 48. f4 gxf4 49. gxf4 Nd7 50. Bh7 Kf7 51. Kf3 Nc5 52. Ke3 1/2-1/2

[Event "44th Chess Olympiad Open 2022"]
[Site "Chennai"]
[Date "2022.08.06"]
[Round "8.81"]
[White "Shaw, Clifford"]
[Black "Muhammed, Shuaau"]
[Result "0-1"]
[WhiteElo "1615"]
[BlackElo "1987"]
[Annotator "NA RC"]
[PlyCount "52"]
[EventDate "2022.??.??"]
[TimeControl "60"]

1. f4 d5 2. Nf3 c5 3. e3 Nf6 4. b3 g6 5. Bb2 Bg7 6. Be2 Nc6 7. O-O O-O 8.
Ne5 Nd7 9. Nxc6 bxc6 10. Bxg7 Kxg7 11. d3 e5 12. Nd2 Qe7 13. Kh1 Re8 14. f5 gxf5 15. Rxf5 Nf8 16. Rf3 f5 17. e4 f4 18. g3 Ng6 19. Qg1 Kh8 20. Rf2 Be6 21. Bh5 Rg8 22. Qf1 fxg3 23.
hxg3 Qg5 24. Bxg6 Rxg6 25. Rf8+ Kg7 26. Rxa8 Qh6+ 0-1

[Event "44th Chess Olympiad Open 2022"]
[Site "Chennai"]
[Date "2022.08.06"]
[Round "8.81"]
[White "Mujahid Bin Yazeed"]
[Black "Powell, Malcolm"]
[Result "1-0"]
[WhiteElo "1418"]
[BlackElo "1218"]
[Annotator "NA RC"]
[PlyCount "69"]
[EventDate "2022.??.??"]
[TimeControl "60"]

1. e4 c6 2. d4 d5 3. Nc3 e6 4. Nf3 Bb4 5. Bd3 Ne7 6. a3 Bxc3+ 7. bxc3 O-O 8.
e5 Nd7 9. h4 f6 10. Qe2 c5 11. Bb5 c4 12. Bxd7 Bxd7 13. exf6 Rxf6 14. Bg5 Rf8 15. Ne5 Qe8 16. Bxe7 Qxe7 17. O-O Rf6 18. f4 Raf8 19. g3 Rf5 20. Rfe1 Be8 21. Qh2 R8f6 22. Ng4 Rf8 23. Ne3 Rh5 24. Ng2 Rhf5 25. g4 R5f6 26. Re5 Qf7 27. Rae1 Bd7 28. Qg3 h6 29. g5 hxg5 30. hxg5 Qg6 31. Nh4 Qxc2 32. gxf6 Rxf6 33. Rg5 Rf7 34. Ng6 Qd2 35. Rh5 1-0

[Event "44th Chess Olympiad Open 2022"]
[Site "Chennai"]
[Date "2022.08.06"]
[Round "8.82"]
[White "Karelina, Polina"]
[Black "Elvis Havyarimana"]
[Result "1/2-1/2"]
[WhiteElo "1835"]
[BlackElo "1724"]
[Annotator "NA RC"]
[PlyCount "61"]
[EventDate "2022.??.??"]
[TimeControl "60"]

1. e4 e6 2. d4 d5 3. exd5 exd5 4. Bf4 Nf6 5. Nf3 Bd6 6. Bg3 O-O 7. Be2 Be6 8. Nbd2 h6 9. c3 c6 10. Qc2 a5 11. a4 Na6 12. Bxd6 Qxd6 13. Bxa6 Rxa6 14. O-O Re8 15. Rfe1 Raa8 16. h3 Re7 17. Re2 Rae8 18. Rae1 Bf5 19. Qxf5 Rxe2 20. Rxe2 Rxe2 21. Qc8+ Re8 22. Qxb7 Rb8 23. Qa7 Rxb2 24. Ne5 Qe6 25. Ndf3 Ne4 26. Qxa5 f6 27. Qd8+ Kh7 28. Nd7 Qg8 29. Nf8+ Kh8 30. Ng6+ Kh7 31. Nf8+ 1/2-1/2

[Event "44th Chess Olympiad Open 2022"]
[Site "Chennai"]
[Date "2022.08.06"]
[Round "8.82"]
[White "Mutabazi Hugues"]
[Black "Knowles, Kendrick"]
[Result "0-1"]
[WhiteElo "1666"]
[BlackElo "1907"]
[Annotator "NA RC"]
[PlyCount "46"]
[EventDate "2022.??.??"]
[TimeControl "60"]

1. e4 d5 2. exd5 Nf6 3. d4 Nxd5 4. c4 Nb6 5. Nc3 e5 6. d5 Bb4 7. Qc2 c6 8. a3 Bxc3+ 9. Qxc3 O-O 10. dxc6 Nxc6 11. Be3 Bg4 12. Be2 Qh4 13. Bxb6 axb6 14. h3 Bxe2 15. Nxe2 Qe4 16. Kf1 Rfd8 17. f3 Qh4 18. g3 Qg5 19. Kf2 Qd2 20. Rac1 Rd3 21. Rc2 Qe3+ 22. Kg2 Qxf3+ 23. Kh2 Qf2# 0-1

[Event "44th Chess Olympiad Open 2022"]
[Site "Chennai"]
[Date "2022.08.06"]
[Round "8.83"]
[White "Dabuae, Thubalkain"]
[Black "Mohamed Ali Dima"]
[Result "0-1"]
[WhiteElo "1941"]
[BlackElo "1582"]
[Annotator "NA RC"]
[PlyCount "96"]
[EventDate "2022.??.??"]
[TimeControl "60"]

1. e4 d5 2. exd5 Nf6 3. Nf3 Bg4 4. Bb5+ Bd7 5. Bxd7+ Nbxd7 6. c4 g6 7. O-O Bg7 8. Nc3 O-O 9. d3 c6 10. dxc6 bxc6 11. Re1 e6 12. Bg5 Qc7 13. Rc1 h6 14. Bh4 Nh5 15. Bg3 Nxg3 16. fxg3 Qb6+ 17. Kh1 Qxb2 18. Rc2 Qa3 19. Ne4 Rab8 20. Qe2 Rb2 21. Rxb2 Bxb2 22. Rb1 Rb8 23. h4 Qxa2 24. Qc2 Qa3 25. Nfd2 Be5 26. Rxb8+ Bxb8 27. Qb1 Be5 28. Nf3 Qa1 29. Qxa1 Bxa1 30. Nfd2 f5 31. Nf2 Ne5 32. Nb3 Bc3 33. Nd1 Be1 34. Nb2 Bxg3 35. Kg1 Bxh4 36. Kf1 Be7 37. Ke2 h5 38. Na5 Bb4 39. Nb7 Kf8 40. d4 Bc3 41. dxe5 Bxb2 42. Nd8 a5 43. Nxc6 a4 44. Kd2 Ke8 45. Kc2 a3 46. Kb3 h4 47. c5 f4 48. Nb8 Bxe5 0-1

[Event "44th Chess Olympiad Open 2022"]
[Site "Chennai"]
[Date "2022.08.06"]
[Round "8.83"]
[White "Taleka, Jed Selu"]
[Black "Ismael, Mohamed Goumaneh"]
[Result "1-0"]
[WhiteElo "1672"]
[BlackElo "1473"]
[Annotator "NA RC"]
[PlyCount "107"]
[EventDate "2022.??.??"]
[TimeControl "60"]

1. e4 e5 2. Nf3 d6 3. Bc4 Be7 4. d3 Nf6 5. Be3 c6 6. c3 a5 7. a4 O-O 8. h3 Na6 9. Qb3 Nc7 10. Bb6 Nd7 11. Bxc7 Qxc7 12. Nbd2 Nc5 13. Qc2 Ne6 14. Bxe6 fxe6 15. Ke2 d5 16. c4 Bd6 17. Rac1 Qe7 18. c5 Bc7 19. Qc3 Qf6 20. g4 g6 21. h4 Bd7 22. g5 Qg7 23. Rcg1 Rf4 24. Rh3 Raf8 25.
Rgh1 Be8 26. Qb3 Bd8 27. Qc3 Bc7 28. b4 axb4 29. Qxb4 Bb8 30. Rb1 R8f7 31. Qb6 Rc7 32. a5 Rc8 33. a6 bxa6 34. Qxa6 Bd7 35. Rb7 Qe7 36. Rh1 Rf7 37. Rhb1 Qf8 38. Qb6 Kg7 39. Rxb8 Rxb8 40. Qxb8 Qxc5 41. Qxe5+ Kg8 42. Rb8+ Rf8 43.
Rxf8+ Qxf8 44. Qf6 Qc8 45. Ne5 Be8 46. Ng4 h5 47. Nh6+ Kh7 48.
Qe7+ Bf7 49. Nxf7 Kg8 50. Nh6+ Kh8 51. Qd8+ Qxd8 52. Nf7+ Kg8 53. Nxd8 d4 54. Nxe6 1-0

[Event "44th Chess Olympiad Open 2022"]
[Site "Chennai"]
[Date "2022.08.06"]
[Round "8.84"]
[White "Senglek, Khonsavanh"]
[Black "dos Reis, Tito"]
[Result "1/2-1/2"]
[WhiteElo "1253"]
[BlackElo "1658"]
[Annotator "NA RC"]
[PlyCount "115"]
[EventDate "2022.??.??"]
[TimeControl "60"]

1. e4 d6 2. d4 Nf6 3. Nc3 c6 4. h3 Qa5 5. Bd2 Qb6 6. Bc1 e5 7. Nf3 Qc7 8. Bg5 Be7 9. Be2 b5 10. a3 a5 11. d5 cxd5 12. Bxb5+ Bd7 13. Bxd7+ Nbxd7 14. Nxd5 Qc4 15. Qd3 Qxd3 16. cxd3 Nxd5 17. exd5 Nb6 18. Bxe7 Kxe7 19. Rc1 Nxd5 20. O-O Rhb8 21. d4 f6 22. dxe5 dxe5 23. Rfd1 Rd8 24. Rc5 Ke6 25. Rb5 Rd7 26. Ne1 Nc7 27. Rb6+ Ke7 28. Rxd7+ Kxd7 29. Nc2 Ra6 30. Rb8 h6 31. Ne3 Ne6 32. Nf5 Ra7 33. Rg8 Kc6 34. Kf1 Rb7 35. b4 axb4 36. axb4 Rxb4 37. Nxg7 Nf4 38. Rc8+ Kd5 39. Rc1 Rb2 40. Nf5 h5 41. Ne3+ Ke6 42. Rd1 Ra2 43. Nc4 e4 44. Rd6+ Ke7 45. Rd1 Nd3 46. f3 f5 47. fxe4 fxe4 48. Rb1 Kf6 49. Rb5 Ra1+ 50. Ke2 Re1+ 51. Kd2 Rg1 52. Ke3 Re1+ 53. Kd4 h4 54. Rh5 Nf4 55. Rxh4 Nxg2 56. Rxe4 Rxe4+ 57. Kd3 Rd4+ 58. Kxd4 1/2-1/2

[Event "44th Chess Olympiad Open 2022"]
[Site "Chennai"]
[Date "2022.08.06"]
[Round "8.87"]
[White "Faulks, Nick"]
[Black "Masiala Mayuku, Eddy"]
[Result "1-0"]
[WhiteElo "1820"]
[BlackElo "1574"]
[Annotator "NA RC"]
[PlyCount "77"]
[EventDate "2022.??.??"]
[TimeControl "60"]

1. c4 e5 2. Nc3 Nc6 3. e3 g6 4. a3 Bg7 5. b4 Nf6 6. Bb2 O-O 7. d3 Re8 8. Be2 d5 9. cxd5 Nxd5 10. Qc2 Nce7 11. Nf3 c6 12. O-O Nf5 13. Rfe1 Nh4 14. Rad1 Qe7 15. g3 Nxf3+ 16. Bxf3 Nxc3 17. Bxc3 Qf6 18. Bg2 Qg5 19. Qb2 f6 20. b5 Bd7 21. bxc6 Bxc6 22. Bxc6 bxc6 23. Qb7 Rec8 24. d4 e4 25. Rb1 h5 26. Rec1 h4 27. Qd7 Rd8 28. Qe6+ Kh8 29. Qxe4 h3 30. Rb7 f5 31. Qxc6 Rac8 32. Qf3 Rxd4 33. Rxg7 Rxc3 34. Rxc3 Qd8 35. exd4 Qxd4 36.
Rgc7 Qe4 37. Qxe4 fxe4 38. Rb3 e3 39. Rb8# 1-0

[Event "44th Chess Olympiad Open 2022"]
[Site "Chennai"]
[Date "2022.08.06"]
[Round "8.87"]
[White "Esungi, Guy Botetsi"]
[Black "Kovacova, Zuzana"]
[Result "0-1"]
[WhiteElo "1481"]
[BlackElo "2050"]
[Annotator "NA RC"]
[PlyCount "76"]
[EventDate "2022.??.??"]
[TimeControl "60"]

1. e4 e5 2. Nf3 Nc6 3. Bc4 Bc5 4. d3 Nf6 5. O-O O-O 6. Qe2 d6 7. Be3 Bb6 8. Bxb6 axb6 9. c3 Na5 10. Nbd2 Nxc4 11. Nxc4 Be6 12. b3 Re8 13. Ncd2 Nh5 14. Ne1 Nf4 15. Qf3 Qg5 16. Kh1 Nxg2 17. Qxg2 Qxd2 18. Rg1 g6 19. Nf3 Qxd3 20. Nh4 Qd2 21. Qf3 Qf4 22. Qxf4 exf4 23. f3 d5 24. e5 Kf8 25. Ng2 Bf5 26. Rge1 g5 27. Re2 Re6 28. Ne1 Rae8 29. Ng2 Rxe5 30. Rxe5 Rxe5 31. Re1 f6 32. Rxe5 fxe5 33. Kg1 e4 34. fxe4 dxe4 35. Kf2 Ke7 36. Ne1 Kd6 37. Nc2 e3+ 38. Kf3 Bxc2 0-1

[Event "44th Chess Olympiad Open 2022"]
[Site "Chennai"]
[Date "2022.08.06"]
[Round "8.87"]
[White "Gontcharov, Dimitri"]
[Black "Mimbasa Kutesa, Willy"]
[Result "1-0"]
[WhiteElo "1448"]
[BlackElo "1755"]
[Annotator "NA RC"]
[PlyCount "120"]
[EventDate "2022.??.??"]
[TimeControl "60"]

1. e4 e5 2. Nf3 Nc6 3. d4 exd4 4. Nxd4 Qf6 5. Nb3 d6 6. Nc3 Be6 7. Be3 Nh6 8. h3 a6 9. Qd2 Be7 10. Be2 O-O-O 11. g4 Qh4 12. O-O-O Ng8 13. f4 Bxb3 14. axb3 h6 15. Bc4 Rf8 16. Nd5 Nf6 17. Nc3 Nd7 18. Nd5 Nf6 19. Bf2 Nxe4 20. Bxh4 Nxd2 21. Nxe7+ Nxe7 22. Rxd2 f6 23. Re1 Nc6 24. Be6+ Kb8 25. Bf5 g5 26. Bg3 Re8 27. Rde2 Rd8 28. c3 d5 29. Rd2 d4 30. c4 Nb4 31. Red1 Rde8 32. Rxd4 Re3 33. Rd8+ Rxd8 34. Rxd8+ Ka7 35. Bf2 gxf4 36. Bxe3+ fxe3 37. Re8 Nc6 38. Rxe3 Ne5 39. Kd2 Kb6 40. Kc3 a5 41. Kd4 Nc6+ 42. Kd5 Nd8 43. Re8 c6+ 44. Kd4 Nf7 45. Rf8 Ng5 46. Rxf6 Nxh3 47. Rxh6 Ng5 48. Rh5 Nf3+ 49. Ke3 Ne5 50. g5 a4 51. g6 axb3 52. g7 Nxc4+ 53. Kd4 Nxb2 54. g8=Q c5+ 55. Kd5 Na4 56. Rh6+ Ka5 57. Qa8+ Kb4 58. Rh4+ Kc3 59. Qxa4 b5 60. Rh3+ Kb2 1-0

[Event "44th Chess Olympiad Open 2022"]
[Site "Chennai"]
[Date "2022.08.06"]
[Round "8.88"]
[White "Smith, Michael A"]
[Black "Kamara, Ansumana"]
[Result "0-1"]
[WhiteElo "1840"]
[BlackElo "1896"]
[Annotator "NA RC"]
[PlyCount "78"]
[EventDate "2022.??.??"]
[TimeControl "60"]

1. d4 Nf6 2. Nf3 g6 3. g3 Bg7 4. Bg2 d5 5. O-O O-O 6. Re1 Nbd7 7. Nc3 e6 8. e4 dxe4 9. Nxe4 Nxe4 10. Rxe4 Re8 11. c3 c6 12. h4 b6 13. Bf4 Bb7 14. Re2 c5 15. dxc5 Nxc5 16. Rd2 Qc8 17. Ne5 Bxg2 18. Kxg2 Ne4 19. Re2 Rd8 20. Qc2 f5 21. f3 Nf6 22. Rae1 Nd5 23. Bg5 Re8 24. c4 Nf6 25. Rd1 h6 26. Bf4 Kh7 27. Nf7 Re7 28.
Nd6 Qc6 29. b3 Nh5 30. Bc1 a6 31. Ba3 Qc7 32. Rde1 Qd7 33. Rd1 Rd8 34. Red2 Qc7 35. Nxf5 Rxd2+ 36. Qxd2 exf5 37. Bxe7 Qxg3+ 38. Kf1 Qxf3+ 39. Ke1 Bc3 0-1

[Event "44th Chess Olympiad Open 2022"]
[Site "Chennai"]
[Date "2022.08.06"]
[Round "8.88"]
[White "Winston Gerald, Mansfield Thomas"]
[Black "Hair, Justin M"]
[Result "1-0"]
[WhiteElo "1832"]
[BlackElo "1505"]
[Annotator "NA RC"]
[PlyCount "111"]
[EventDate "2022.??.??"]
[TimeControl "60"]

1. e4 e6 2. d4 d5 3. exd5 exd5 4. Bd3 c5 5. c3 Bd7 6. Nf3 Bd6 7. dxc5 Bxc5 8. Qb3 Qe7+ 9. Be2 Bc6 10. Bg5 Nf6 11. Nbd2 Nbd7 12. O-O O-O 13. Bd3 Qd6 14. Rad1 Rac8 15. Qc2 h6 16. Bxf6 Nxf6 17. Nb3 Bb6 18. Nbd4 Bxd4 19. Nxd4 Ng4 20. g3 Bd7 21. Bf5 Ne5 22. f4 Ng4 23. Rfe1 Rfe8 24. Qd2 Bxf5 25. Nxf5 Qb6+ 26. Nd4 Re4 27. h3 Nf6 28. Kg2 Rce8 29. b3 Nh5 30. Rxe4 dxe4 31. Qe3 Qa5 32. a4 f5 33. Ne2 g6 34. Rd7 Qa6 35. c4 Qc6 36. Rd2 a6 37. a5 Qc7 38.
Qb6 Qe7 39. Qxg6+ Ng7 40. Qd6 Qf7 41. Qxh6 Re6 42. Qg5 Rg6 43. Qd8+ Kh7 44. Qd7 Qf8 45. Qd4 Qb4 46. Qc3 Qa3 47. h4 Qe7 48. Kh3 e3 49. Rd4 Rg4 50. Qd3 Kh6 51. Rd6+ Kh5 52. Rd7 Qe8 53. Rd8 Qc6 54. Qd5 Qc7 55. Qd6 Qf7 56. Rh8# 1-0

[Event "44th Chess Olympiad Open 2022"]
[Site "Chennai"]
[Date "2022.08.06"]
[Round "8.88"]
[White "Adeshole Beckley, Brian"]
[Black "Bansal, Nayan"]
[Result "1-0"]
[WhiteElo "1590"]
[BlackElo "1444"]
[Annotator "NA RC"]
[PlyCount "81"]
[EventDate "2022.??.??"]
[TimeControl "60"]

1. d4 d5 2. c4 Nf6 3. cxd5 Nxd5 4. Nf3 Bf5 5. Nc3 e6 6. Qb3 Bb4 7. a3 Bxc3+ 8. bxc3 Nb6 9. a4 a5 10. Ba3 Qd5 11. Qxd5 exd5 12. e3 N8d7 13. Kd2 Nxa4 14. Bb5 Nab6 15. Nh4 Be6 16. f4 f5 17. Nf3 c6 18. Bd3 Nc4+ 19. Bxc4 dxc4 20. Ne5 Nxe5 21. fxe5 O-O-O 22. Bc5 Bd5 23. Rxa5 Kd7 24. Ra7 g6 25. Rb1 Bxg2 26. Rbxb7+ Ke6 27. Re7+ Kd5 28. Rxh7 Rb8 29. Rad7+ Ke4 30. Rxh8 Rxh8 31. e6 f4 32. exf4 Bh3 33. Rd6 Bf5 34. e7 Rxh2+ 35. Kc1 Rh1+ 36. Kb2 Rh2+ 37. Ka3 Kd3 38. e8=Q Kxc3 39. Qe3+ Bd3 40. Rxg6 Rb2 41. Qe1+ 1-0

[Event "44th Chess Olympiad Open 2022"]
[Site "Chennai"]
[Date "2022.08.06"]
[Round "8.88"]
[White "Conhoff, David"]
[Black "Lwebuga, Ronald"]
[Result "1-0"]
[WhiteElo "1460"]
[BlackElo "1818"]
[Annotator "NA RC"]
[PlyCount "73"]
[EventDate "2022.??.??"]
[TimeControl "60"]

1. d4 g6 2. Nf3 Bg7 3. e3 f5 4. Be2 Nf6 5. Nbd2 O-O 6. O-O b6 7. c3 Bb7 8. Re1 Nc6 9. Bd3 e6 10. Qc2 Kh8 11. e4 fxe4 12. Nxe4 Nxe4 13. Bxe4 Qf6 14. Bg5 Qf7 15. Ne5 Bxe5 16. dxe5 Na5 17. Rad1 Bxe4 18. Rxe4 Nb7 19. Rf4 Qg7 20. Bf6 Rxf6 21. Rxf6 Re8 22. Qe2 d5 23. Qb5 Re7 24. c4 Nc5 25. Qc6 h5 26. b4 Nd7 27. Rxe6 Nxe5 28. Rxe7 Nxc6 29. Rxg7 Kxg7 30. Rxd5 Nxb4 31. Rd7+ Kf6 32. Rxc7 a5 33. a4 Ke5 34. c5 b5 35. axb5 a4 36. Ra7 Kd5 37. c6 1-0

[Event "44th Chess Olympiad Open 2022"]
[Site "Chennai"]
[Date "2022.08.06"]
[Round "8.89"]
[White "Montel Jr, Cyril Tomas"]
[Black "Stratonowitsch, Andre"]
[Result "0-1"]
[WhiteElo "1827"]
[BlackElo "2142"]
[Annotator "NA RC"]
[PlyCount "76"]
[EventDate "2022.??.??"]
[TimeControl "60"]

1. c4 g6 2. g3 Bg7 3. Bg2 d6 4. Nc3 f5 5. e3 Nf6 6. Nge2 O-O 7. d4 c6 8. O-O e5 9. b4 Qc7 10. Bb2 Rd8 11. Rc1 Be6 12. d5 Bf7 13. Qc2 cxd5 14. Nxd5 Nxd5 15. Bxd5 Bxd5 16. cxd5 Qd7 17. Qc7 Na6 18. Qxd7 Rxd7 19. a3 Rc7 20. f4 Rac8 21. fxe5 Bxe5 22. Bxe5 dxe5 23. Rxc7 Rxc7 24. Rc1 Kf7 25. Kf2 Rxc1 26. Nxc1 Ke7 27. Kf3 Nc7 28. e4 Kd6 29. Nd3 Nxd5 30. g4 Nf6 31. gxf5 gxf5 32. Nc5 b6 33. Nb3 Nxe4 34. a4 Nc3 35. a5 Nd5 36. Nd2 b5 37. h4 Nxb4 38. h5 h6 0-1

[Event "44th Chess Olympiad Open 2022"]
[Site "Chennai"]
[Date "2022.08.06"]
[Round "8.89"]
[White "Cabunagan, Tito"]
[Black "Ramachandran, R..."]
[Result "1-0"]
[WhiteElo "1706"]
[BlackElo "1994"]
[Annotator "NA RC"]
[PlyCount "117"]
[EventDate "2022.??.??"]
[TimeControl "60"]

1. e4 c5 2. Nf3 Nc6 3. Bb5 g6 4. Bxc6 dxc6 5. O-O Bg7 6.
d3 e6 7. Nbd2 b5 8. a4 Bb7 9. Nb3 Qb6 10. a5 Qc7 11. Nxc5 Ne7 12. c3 O-O 13. Re1 Rad8 14. Qc2 Bc8 15. h3 Qd6 16. b4 Qb8 17. Bg5 Rfe8 18. Bxe7 Rxe7 19. e5 f6 20. d4 fxe5 21. Nxe5 Bxe5 22. Rxe5 Rf8 23. Rae1 Rfe8 24. Qe4 Qd6 25. Qg4 Kf7 26. Qg3 Kg7 27. R1e4 Qc7 28. Rf4 Rf8 29. Rxf8 Kxf8 30. Ne4 Kg7 31. Qh4 h6 32. Qf6+ Kh7 33. Qf8 g5 34. Nf6+ Kg6 35. Ng8 Rg7 36. Qf6+ Kh7 37. Nxh6 Rg6 38. Qf7+ Rg7 39. Qxc7 Rxc7 40. Ng4 Re7 41. Rxg5 a6 42. Ne5 Bb7 43. Rg4 Rg7 44. Rxg7+ Kxg7 45. f4 Kf6 46. g4 Kg7 47. h4 c5 48. dxc5 Kf6 49. Kf2 Bd5 50. c6 Ke7 51. Ke3 Kd6 52. Kd4 Bg2 53.
h5 Ke7 54. Kc5 Kd8 55. Kb6 Kc8 56. h6 Be4 57. g5 Bf5 58. Kxa6 Kc7 59. Kxb5 1-0